 Dungeon Crawl Stone Soup version 0.27-a0-1140-g099f9bb0e8 (webtiles) character file.

Game seed: 8210057460709885823

54 CurlyBrace the Chiller (level 3, -4/16 HPs)
             Began as a Felid Ice Elementalist on May 10, 2021.
             Slain by a bullfrog skeleton (7 damage)
             ... on level 4 of the Dungeon.
             The game lasted 00:05:42 (505 turns).

CurlyBrace the Chiller (Felid Ice Elementalist)      Turns: 505, Time: 00:05:43

Health: -4/16      AC:  1    Str:  5    XL:     3   Next: 66%
Magic:  7/7        EV: 17    Int: 16    God:
Gold:   111        SH:  0    Dex: 16    Spells: 5/6 levels left
                                        Lives:  0   Deaths: 0

rFire    . . .     SeeInvis +     - Unarmed
rCold    . . .     Faith    .   (shield unavailable)
rNeg     . . .     Spirit   .   (armour unavailable)
rPois    .         Reflect  .   (helmet unavailable)
rElec    .         Harm     .   (cloak unavailable)
rCorr    .         Rampage  .   (gloves unavailable)
Will     .....                  (boots unavailable)
Stlth    ++........             (no amulet)
HPRegen  0.05/turn              (no ring)
MPRegen  0.10/turn              (no ring)

@: quick
A: very small, claws 1, fangs 3, see invisible, speed 1, shaggy fur 1, stealthy
paws, no weapons or thrown items, no armour, multi-lived
a: no special abilities


You were on level 4 of the Dungeon.
You visited 1 branch of the dungeon, and saw 5 of its levels.

You collected 111 gold pieces.

Inventory:

Wands
 d - a wand of flame (13)
   (You found it on level 4 of the Dungeon)
Scrolls
 b - a scroll of vulnerability {unknown}
 c - a scroll of identify {unknown}
Potions
 a - a potion of attraction {unknown}


   Skills:
 * Level 2.1 Fighting
 - Level 3.0 Dodging
 - Level 3.0 Stealth
 * Level 2.0 Unarmed Combat
 - Level 2.0 Spellcasting
 - Level 3.6 Ice Magic


You had 5 spell levels left.
You knew the following spells:

 Your Spells              Type           Power      Damage    Failure   Level
a - Freeze                Ice            52%        1d7       4%          1

Your spell library contained the following spells:

 Spells                   Type           Power      Damage    Failure   Level
 Frozen Ramparts          Ice            26%        1d4       14%         3
 Ozocubu's Armour         Ice            13%        N/A       14%         3
 Hailstorm                Conj/Ice       7%         3d4       69%         4
 Metabolic Englaciation   Hex/Ice        3%         N/A       95%         5


Dungeon Overview and Level Annotations

Branches:
Dungeon (5/15)
 Temple: D:4-7

Altars:


Innate Abilities, Weirdness & Mutations

You have sharp claws.
You have razor-sharp teeth.
You have supernaturally acute eyesight. (SInv)
You cover ground quickly. (Speed+)
You are covered in fur. (AC +1)
Your paws help you pounce on unaware monsters.
You are incapable of wielding weapons or throwing items.
You cannot wear armour.
You gain extra lives every three experience levels.


Message History

Increase (S)trength, (I)ntelligence, or (D)exterity?
You feel stronger.
There is an open door here.
You are engulfed in a cloud of scalding steam.
Ouch! That really hurt!
The kobold is engulfed in a cloud of scalding steam.
You kill the kobold!
You hear a splash.
Casting: Freeze (safe; 4% risk of failure)
Confirm with . or Enter, or press ? or * to list all spells.
Aiming: Freeze (safe; 4% risk of failure)
Press: ? - help, Shift-Dir - straight line, f - goblin
Aim: a goblin, wielding a +0 club You freeze the goblin!
You kill the goblin!
You hear a splash.
You enter the shallow water.
Moving in this stuff is going to be slow.
Things that are here:
a +0 club; a goblin corpse
Things that are here:
a +0 club; a kobold corpse
There is an open door here.
A bullfrog skeleton comes into view.
There is an open door here.
You enter the shallow water.
Moving in this stuff is going to be slow.
Things that are here:
a +0 club; a goblin corpse
Aiming: Throw Flame
Press: ? - help, Shift-Dir - straight line, f - bullfrog skeleton
Aim: a bullfrog skeleton (89% to hit)
The puff of flame hits the bullfrog skeleton.
The bullfrog skeleton is lightly damaged.
The bullfrog skeleton is engulfed in a cloud of scalding steam. x2
The bullfrog skeleton hits you.
* * * LOW HITPOINT WARNING * * *
The bullfrog skeleton is engulfed in a cloud of scalding steam.
The bullfrog skeleton hits you!
You die...

##.##....................#
..#.......#...............##
...........................##
...#..)...Z.........#....<.##
...##...............#.##....#
#...#......######.....##...##
#..##......#≈≈≈≈#......##..#
...........#≈≈≈≈#.......####
...........'≈§§Z@......###
...........#†≈)≈#.....##.##
...........#≈≈≈≈#.....##..#
...........######.....≈...##
......................≈≈...#
....###...............≈.≈..#
...## ##..............≈≈≈).#
.#.# #.......##......≈...##
...####........##..#..≈....#


You could see a bullfrog skeleton.

Vanquished Creatures
  An iguana (D:4)
  An adder (D:4)
  2 dart slugs
  2 endoplasms
  A giant cockroach (D:1)
  2 goblins
  3 kobolds
  A quokka (D:1)
  A ball python (D:4)
  2 bats
  2 rats (D:1)
18 creatures vanquished.

Notes
Turn   | Place    | Note
-------+----------+-------------------------------------------
     0 | D:1      | CurlyBrace the Felid Ice Elementalist began the quest for
                  | the Orb.
     0 | D:1      | Reached XP level 1. HP: 7/7 MP: 4/4
    19 | D:1      | Found a faded altar of an unknown god.
   180 | D:1      | Reached XP level 2. HP: 9/12 MP: 1/6
   209 | D:1      | Reached skill level 1 in Fighting
   286 | D:2      | Reached skill level 1 in Unarmed Combat
   371 | D:5      | Entered Level 5 of the Dungeon
   483 | D:4      | Reached XP level 3. HP: 16/16 MP: 7/7
   505 | D:4      | Slain by a bullfrog skeleton

Illustrated notes

Levels and vault maps discovered:
D:1:      wander_arrival_peaceful_grave, layout_loops_ring,
          shapermc_ecumenical_altar_mp_highgroup
D:2:      minmay_angry_zag, layout_loops_ring, minmay_tromino_v7,
          uniq_crazy_yiuf_cottage
D:3:      layout_basic, serial_bayou_crossing
D:4:      layout_cave_pools, serial_rivers, chequers_serial_rivers_micro_e,
          chequers_serial_rivers_room_b, chequers_serial_rivers_micro_c,
          chequers_serial_rivers_micro_c, chequers_serial_rivers_large_b,
          st_stairs_9
D:5:      layout_loops_ring, grunt_temple_overflow_bloody_war, kennysheep_mini,
          nicolae_overflow_hidden_temple, uniq_prince_ribbit1, uniq_pikel,
          uniq_ijyb, uniq_sigmund

Skill      XL: |  1  2 |
---------------+-------+-----
Fighting       | 2 |  2.1
Dodging        | 3 |  3.0
Stealth        | 3 |  3.0
Unarmed Combat | 2 |  2.0
Spellcasting   | |  2.0
Ice Magic      | |  3.6

Action                   || total
-------------------------++-------
Melee: Unarmed           ||    18
 Cast: Freeze            ||    15
Evoke: Wand              ||     2
  Use: Scroll            ||     2
       Potion            ||     2
 Stab: Sleeping          ||     2
Armor: Skin              ||     2
Dodge: Dodged            ||    14

Table legend: (Time is in decaauts)
 A = Elapsed time spent in this place.
 B = Non-inter-level travel time spent in this place.
 C = Inter-level travel time spent in this place.
 D = Time resting spent in this place.
 E = Time spent auto-exploring this place.
 F = Levels seen in this place.
 G = Mean time per level.
                   A        B        C        D        E       F      G
               +--------+--------+--------+--------+--------+-----+--------+
         Total |    433 |    433 |      0 |      0 |      0 |   5 |   86.6 |
       Dungeon |    433 |    433 |      0 |      0 |      0 |   5 |   86.6 |
               +--------+--------+--------+--------+--------+-----+--------+

Top non-repeatable levels by time:
     D:1: 205 daAuts
     D:4: 131 daAuts
     D:2: 64 daAuts
     D:3: 30 daAuts
     D:5: 1 daAuts
